 Dungeon Crawl Stone Soup version 0.21.1-1-g345015fe64 (webtiles) character file.

252 Faustar the Chopper (level 6, 0/37 HPs)
             Began as a Gargoyle Abyssal Knight on Feb 9, 2018.
             Was a Believer of Lugonu.
             Slain by an orc warrior
             ... wielding a +0 trident
              (19 damage)
             ... on level 4 of the Dungeon.
             The game lasted 00:03:18 (2812 turns).

Faustar the Chopper (Gargoyle Abyssal Knight)       Turns: 2812, Time: 00:03:18

Health: 0/37       AC: 14    Str: 18    XL:     6   Next: 13%
Magic:  7/7        EV:  7    Int: 12    God:    Lugonu [**....]
Gold:   183        SH:  0    Dex:  9    Spells: 5/5 levels left

rFire    . . .     SeeInvis .   l - +2 whip (drain)
rCold    . . .     Gourm    .   (no shield)
rNeg     + . .     Faith    .   r - +0 chain mail
rPois    ∞         Spirit   .   (no helmet)
rElec    +         Reflect  .   (no cloak)
rCorr    .         Harm     .   (no gloves)
MR       .....                  e - +0 pair of boots
Stlth    ..........             (no amulet)
HPRegen  0.12/turn              (no ring)
MPRegen  0.10/turn              (no ring)

@: no status effects
A: negative energy resistance 1, electricity resistance, unbreathing,
petrification resistance, rot immunity, AC +4
a: Depart the Abyss, Bend Space, Renounce Religion


You were on level 4 of the Dungeon.
You worshipped Lugonu.
Lugonu was pleased with you.
You were not hungry.

You visited 1 branch of the dungeon, and saw 4 of its levels.
You visited the Abyss 1 time.

You collected 183 gold pieces.

Inventory:

Hand Weapons
 a - a +1 hand axe
 l - a +2 whip of draining (weapon)
Armour
 b - a +0 leather armour
 e - a +0 pair of boots (worn)
 r - a +0 chain mail (worn)
Wands
 t - a wand of disintegration (16)
Scrolls
 d - 4 scrolls of identify {unknown}
 f - a scroll of remove curse {unknown}
 h - a scroll of amnesia {unknown}
 j - a scroll of fog {unknown}
 o - a scroll of fear {unknown}
 q - a scroll of teleportation {unknown}
 s - a scroll of noise {unknown}
 u - a scroll of enchant weapon {unknown}
Potions
 g - a potion of curing {unknown}
 i - a potion of mutation {unknown}
 k - a potion of lignification {unknown}
 m - a potion of brilliance {unknown}
 n - a potion of haste {unknown}
 p - a potion of flight {unknown}
 v - a potion of heal wounds {unknown}
Comestibles
 c - 5 rations


   Skills:
 - Level 3.2 Fighting
 - Level 4.9(5.2) Axes
 * Level 2.8(4.4) Maces & Flails
 - Level 2.1 Armour
 - Level 0.7 Dodging
 - Level 2.0 Invocations


You had 5 spell levels left.
You didn't know any spells.

Dungeon Overview and Level Annotations

Branches:
Dungeon (4/15)
 Temple: D:4-7

Altars:
Nemelex Xobeh


Innate Abilities, Weirdness & Mutations

You are resistant to torment.
Your stone body is resilient. (AC +4)
You are immune to poison.
You resist negative energy. (rN+)
You are resistant to electric shocks. (rElec)
You can survive without breathing.
You are immune to petrification.
You are immune to rotting.


Message History

The orc priest closely misses you.
You hit the orc priest but do no damage.
The orc priest is heavily wounded.
The orc priest hits you but does no damage.
You hit the orc priest. You drain the orc priest!
You kill the orc priest!
Lugonu accepts your kill.
Items here: )) [ †† a hand axe of venom; a ring mail; a trident; an orc corpse x2
You whack the orc warrior!
The orc warrior is moderately wounded.
The orc warrior hits you with a trident!
You completely miss the orc warrior.
The orc warrior is moderately wounded.
The orc warrior hits you but does no damage.
Your chain mail prevents you from hitting the orc warrior.
The orc warrior is moderately wounded.
The orc warrior hits you with a trident!!
Ouch! That really hurt!
You die...

##.####....#######.#....
..............(......>..
##.####.##†#########....
#.......##.........'(...
#######.############....
........................
#######<################
#.# #@# #o# #o# ## ...
### #.# ### ... ### ..#
##§ #.# ### ###


You could see an orc warrior and an orc.

Vanquished Creatures
  3 orc priests
  A centaur skeleton (D:4)
  6 adders
  2 dart slugs
  2 leopard geckos
  4 orcs
  7 giant cockroaches
  3 hobgoblins
  8 jackals
  8 kobolds
  2 quokkas
  9 bats
  6 frilled lizards
  6 goblins
  A jackal skeleton (D:4)
  8 rats
76 creatures vanquished.

Notes
Turn   | Place    | Note
-------+----------+-------------------------------------------
     0 | Abyss:1  | Faustar the Gargoyle Abyssal Knight began the quest for the Orb.
     0 | Abyss:1  | Reached XP level 1. HP: 14/14 MP: 2/2
    25 | Abyss:1  | Noticed an angel
    26 | D:1      | Escaped the Abyss
    88 | D:1      | Reached skill level 2 in Axes
   125 | D:1      | Reached * piety under Lugonu
   496 | D:1      | Reached XP level 2. HP: 16/19 MP: 3/3
   786 | D:1      | Reached skill level 3 in Axes
   898 | D:1      | Reached XP level 3. HP: 19/23 MP: 4/4
  1346 | D:2      | Reached skill level 4 in Axes
  1346 | D:2      | Reached XP level 4. HP: 28/28 MP: 5/5
  1353 | D:2      | Reached ** piety under Lugonu
  1378 | D:2      | Reached XP level 5. HP: 30/32 MP: 6/6
  2337 | D:3      | Reached skill level 1 in Maces & Flails
  2689 | D:4      | Found a sparkling altar of Nemelex Xobeh.
  2801 | D:4      | Reached XP level 6. HP: 37/37 MP: 7/7
  2805 | D:4      | Noticed an orc warrior
  2812 | D:4      | Slain by an orc warrior

Skill      XL: |  1  2  3  4  5 |
---------------+----------------+-----
Axes           | 2 3 4 |  4.9
Maces & Flails | 2 |  2.8
Fighting       | |  3.2
Armour         | |  2.1
Dodging        | |  0.7
Invocations    | |  2.0

Action                   |  1- 3 |  4- 6 || total
-------------------------+-------+-------++-------
Melee: Hand axe          |   124 |    61 ||   185
       Whip              |       |    65 ||    65
Invok: Depart the Abyss  |     1 |       ||     1
  Eat: Chunk             |     2 |     4 ||     6
Armor: Leather armour    |    51 |    53 ||   104
       Chain mail        |       |    14 ||    14
Dodge: Dodged            |    75 |    54 ||   129
